 Dungeon Crawl Stone Soup version 0.30-a0-304-gdc4b735fe1 (webtiles) character file.

Game seed: 7487172425533049001

140 ryw the Trooper (level 5, 0/43 HPs)
             Began as a Demonspawn Monk on Oct 20, 2022.
             Slain by an iguana (11 damage)
             ... on level 4 of the Dungeon.
             The game lasted 00:05:05 (2768 turns).

ryw the Trooper (Demonspawn Monk)                   Turns: 2768, Time: 00:05:05

Health: 0/43       AC:  9    Str: 11    XL:     5   Next: 2%
Magic:  7/7        EV: 11    Int: 11    God:
Gold:   203        SH:  0    Dex: 18    Spells: 5/7 levels left

rFire   . . .      SeeInvis .    i - +0 falchion
rCold   . . .      Faith    .    (no shield)
rNeg    . . .      Spirit   .    h - +0 ring mail
rPois   .          Reflect  .    m - +2 hat
rElec   .          Harm     .    (no cloak)
rCorr   .          Rampage  .    (no gloves)
Will    +....                    (no boots)
Stlth   +.........               (no amulet)
HPRegen 0.27/turn                e - ring of willpower
MPRegen 0.20/turn                k - ring of wizardry

@: no status effects
A: thin metallic scales 1, magic regeneration, demonic magic 1
a: no special abilities


You were on level 4 of the Dungeon.
You visited 1 branch of the dungeon, and saw 4 of its levels.

You collected 203 gold pieces.

Inventory:

Hand Weapons
 i - a +0 falchion (weapon)
Missiles
 p - 6 javelins (quivered)
Armour
 a - a +0 robe
 h - a +0 ring mail (worn)
 m - a +2 hat (worn)
 q - a +0 kite shield
Jewellery
 e - a ring of willpower (left hand)
 k - a ring of wizardry (right hand)
Scrolls
 b - a scroll of fear
 f - a scroll of enchant armour
 j - a scroll of identify
 l - 2 scrolls of fog
 n - a scroll of magic mapping {unknown}
Potions
 c - 2 potions of curing {unknown}
 d - a potion of heal wounds
 g - a potion of attraction {unknown}


   Skills:
 + Level 4.9 Fighting
 - Level 2.6 Dodging
 - Level 1.7 Stealth
 - Level 2.6 Unarmed Combat
 + Level 1.5 Spellcasting
 + Level 1.7 Summonings


You had 5 spell levels left.
You knew the following spells:

 Your Spells              Type           Power      Damage    Failure   Level
a - Call Imp              Summ           4%         N/A       22%         2

Your spell library contained the following spells:

 Spells                   Type           Power      Damage    Failure   Level
 Kiss of Death            Conj/Necr      0%         2d5       28%         1
 Magic Dart               Conj           0%         1d3       28%         1
 Cigotuvi's Dreadful Rot  Necr/Pois/Air  0%         N/A       41%         2
 Poisonous Vapours        Pois/Air       0%         N/A       41%         2
 Confusing Touch          Hex            0%         N/A       63%         3
 Mephitic Cloud           Conj/Pois/Air  0%         N/A       63%         3
 Portal Projectile        Hex/Tloc       0%         N/A       63%         3
 Tukima's Dance           Hex            0%         N/A       63%         3
 Dispel Undead            Necr           0%         3d6       95%         4
 Blade Hands              Tmut           0%         N/A       100%        5


Dungeon Overview and Level Annotations

Branches:
Dungeon (4/15)
 Temple: D:4-7

Altars:
Cheibriados
Xom


Innate Abilities, Weirdness & Mutations

You are partially covered in thin metallic scales. (AC +2)
You regenerate magic rapidly.
Spells you cast may paralyse adjacent enemies.


Message History

The iguana bites you but does no damage.
The iguana bites you.
You hit the iguana but do no damage. The iguana bites you.
You hit the iguana.
The iguana is heavily wounded.
The iguana bites you but does no damage.
You barely miss the iguana.
The iguana is heavily wounded.
The iguana bites you. The iguana closely misses you.
You barely miss the iguana.
The iguana is heavily wounded.
The iguana barely misses you.
You hit the iguana.
The iguana is severely wounded.
The iguana hisses menacingly.
The iguana bites you!
You are too injured to fight recklessly!
You are too injured to fight recklessly!
You are too injured to fight recklessly!
You are too injured to fight recklessly!
You are too injured to fight recklessly!
You are too injured to fight recklessly!
You hit the iguana.
The iguana is almost dead.
The iguana bites you but does no damage.
The iguana bites you.
You hit the iguana but do no damage.
The iguana is almost dead.
The iguana bites you.
* * * LOW HITPOINT WARNING * * *
You completely miss the iguana.
The iguana is almost dead.
The iguana closely misses you.
You closely miss the iguana.
The iguana is almost dead.
The iguana barely misses you.
You barely miss the iguana.
The iguana is almost dead.
The iguana bites you!
You die...

#.............###..#
##.....#..#....<).##
######..###....).+
##...###......##
#....##........#
##..........##..
####.##......#....
##.................
#$@####....####...#
#l## #.#### #...# #.
#.# #.#.. #. #.#
#.#.. #. #.# #....
#. ####.# #...# #.
.....### #.### ##
#########.#
###.......#


You could see an iguana.

Vanquished Creatures
  4 adders
  3 gnolls (D:3)
  3 worms
  A dart slug (D:3)
  5 orcs
  4 ball pythons
  6 endoplasms
  5 giant cockroaches
  5 goblins
  4 hobgoblins
  A jackal (D:3)
  5 kobolds
  A quokka (D:1)
  4 bats
  2 frilled lizards (D:2)
  6 rats
59 creatures vanquished.

Vanquished Creatures (others)
  2 plants (D:3)
2 creatures vanquished.

Grand Total: 61 creatures vanquished

Notes
Turn   | Place    | Note
-------+----------+-------------------------------------------
     0 | D:1      | ryw the Demonspawn Monk began the quest for the Orb.
     0 | D:1      | Reached XP level 1. HP: 18/18 MP: 1/1
   263 | D:1      | Gained mutation: You regenerate magic rapidly. [demonic
                  | ancestry]
   263 | D:1      | Reached XP level 2. HP: 24/24 MP: 2/2
   892 | D:1      | Reached skill level 4 in Fighting
   892 | D:1      | Reached XP level 3. HP: 24/30 MP: 3/3
  1096 | D:2      | Learned a level 2 spell: Call Imp
  1276 | D:2      | Found Eceoz's Magic Scroll Boutique.
  1344 | D:2      | Found a snail-covered altar of Cheibriados.
  1696 | D:3      | Found a shimmering altar of Xom.
  1697 | D:3      | Found a shimmering altar of Xom.
  1697 | D:3      | Found a shimmering altar of Xom.
  1719 | D:3      | Gained mutation: You are partially covered in thin metallic
                  | scales. (AC +2) [demonic ancestry]
  1719 | D:3      | Reached XP level 4. HP: 31/38 MP: 3/5
  1839 | D:3      | Reached skill level 1 in Summonings
  1885 | D:3      | Reached skill level 1 in Spellcasting
  2115 | D:3      | Found a shimmering altar of Xom.
  2118 | D:3      | Found a shimmering altar of Xom.
  2666 | D:4      | Gained mutation: Spells you cast may paralyse adjacent
                  | enemies. [demonic ancestry]
  2666 | D:4      | Reached XP level 5. HP: 43/43 MP: 7/7
  2768 | D:4      | Slain by an iguana

Illustrated notes

Levels and vault maps discovered:
D:1:      dreamdust_arrival_sigmund_warning, layout_basic
D:2:      layout_rooms, serial_shops, shop, basic_altar
D:3:      cheibrodos_old_hovel, layout_loops_ring, xom_redecorated,
          nicolae_elyvilon_temple_path
D:4:      layout_cave_pools, nzn_wu_jian_contemplation,
          minmay_overflow_temple_star_hex, serial_co_window_serial,
          co_window_paths_a, co_window_of_opportunity_a, co_window_paths_a,
          co_window_of_opportunity_a, co_window_paths_a, co_window_2corner,
          co_window_of_opportunity_b, co_window_paths_c, co_window_corner_b,
          co_window_paths_d, co_window_paths_e, glass_columns_c,
          glass_columns_b, glass_columns_a, glass_columns_a, glass_columns_b

Skill      XL: |  1  2  3  4 |
---------------+-------------+-----
Fighting       | 4 |  4.9
Summonings     | 1 |  1.7
Spellcasting   | 1 |  1.5
Dodging        | |  2.6
Stealth        | |  1.7
Unarmed Combat | |  2.6

Action                   |  1- 3 |  4- 6 || total
-------------------------+-------+-------++-------
Melee: Unarmed           |    25 |       ||    25
       Falchion          |   111 |    97 ||   208
       Punch             |     3 |     2 ||     5
  Use: Potion            |     1 |       ||     1
       Scroll            |       |     8 ||     8
 Stab: Sleeping          |     6 |       ||     6
Armor: Robe              |     4 |       ||     4
       Ring mail         |    59 |    46 ||   105
Dodge: Dodged            |    69 |    57 ||   126

Table legend: (Time is in decaauts)
 A = Elapsed time spent in this place.
 B = Non-inter-level travel time spent in this place.
 C = Inter-level travel time spent in this place.
 D = Time resting spent in this place.
 E = Time spent auto-exploring this place.
 F = Levels seen in this place.
 G = Mean time per level.
                   A        B        C        D        E       F      G
               +--------+--------+--------+--------+--------+-----+--------+
         Total |   2832 |   2638 |    194 |    216 |   1772 |   4 |  708.0 |
       Dungeon |   2832 |   2638 |    194 |    216 |   1772 |   4 |  708.0 |
               +--------+--------+--------+--------+--------+-----+--------+

Top non-repeatable levels by time:
     D:1: 1047 daAuts
     D:3: 932 daAuts
     D:2: 710 daAuts
     D:4: 142 daAuts
